 Dungeon Crawl Stone Soup version 0.20.0-10-g0535bb4 (webtiles) character file.

762146 rageheart7 the Shatterer (level 27, -1/211 HPs)
             Began as a Tengu Gladiator on June 3, 2017.
             Was the Champion of Ashenzari.
             Killed by drain life
             ... invoked by a deathcap
             ... summoned by a curse toe
              (9 damage)
             ... on level 5 of the Realm of Zot on June 4, 2017.
             The game lasted 03:54:59 (80608 turns).

rageheart7 the Shatterer (Tengu Gladiator)         Turns: 80608, Time: 03:54:59

Health: -1/211     AC: 39    Str: 39    XL:     27
Magic:  24/47      EV: 36    Int: 11    God:    Ashenzari [******]
Gold:   3734       SH:  0    Dex: 18    Spells: 32/64 levels left

rFire    + + +     SeeInvis +   a - +7 great mace "Firestarter" {inner flame, rF++} (curse)
rCold    + . .     Gourm    +   (shield currently unavailable)
rNeg     + . .     Faith    .   n - +10 plate armour of Weightlessness {rPois rC+ Str+4} (curse)
rPois    +         Spirit   .   c - +2 hat (curse)
rElec    +         Reflect  .   v - scarf {rC+ rF+} (curse)
rCorr    .         Harm     .   I - +2 pair of gloves (curse)
MR       ++...     Clarity  +   (boots unavailable)
Stlth    ..........             Y - amulet "Kiagey" {Gourm *Contam +Fly rC- Str+10} (curse)
Regen    1.5/turn               g - ring "Geumumaq" {EV+5 Int+2} (curse)
MPRegen  0.3/turn               J - ring "Udanoram" {rElec rPois rN+} (curse)

@: silence, flying quickly and evasively, very slightly contaminated,
regenerating, hasted, very quick
A: beak, talons 3, molten scales 1, camouflage 1, sense surroundings 1, robust
1, able to fly 2
}: 4/15 runes: decaying, serpentine, slimy, silver
a: Stop Flying, Renounce Religion


You were on level 5 of the Realm of Zot.
You worshipped Ashenzari.
Ashenzari was exalted by your worship.
You were full.

You visited 12 branches of the dungeon, and saw 58 of its levels.
You visited the Abyss 1 time.
You visited 1 bazaar.
You also visited: Wizlab and Desolation.

You collected 9383 gold pieces.
You spent 5649 gold pieces at shops.

Inventory:

Hand Weapons
 a - the cursed +7 great mace "Firestarter" (weapon) {inner flame, rF++}
   (You found it on level 5 of the Pits of Slime)

   It has been specially enchanted to burn those struck by it, causing extra
   injury to most foes and up to half again as much damage against particularly
   susceptible opponents.
   It greatly protects you from fire.
   It has a curse placed upon it.
Armour
 c - a cursed +2 hat (worn)
 n - the cursed +10 plate armour of Weightlessness (worn) {rPois rC+ Str+4}
   (You bought it in a shop in a bazaar)

   It affects your strength (+4).
   It protects you from cold.
   It protects you from poison.
   It has a curse placed upon it.
 v - a cursed scarf of resistance (worn)
 I - a cursed +2 pair of gloves (worn)
Jewellery
 g - the cursed ring "Geumumaq" (left hand) {EV+5 Int+2}
   (You found it on level 5 of the Pits of Slime)

   [ring of evasion]

   It affects your evasion (+5).
   It affects your intelligence (+2).
   It has a curse placed upon it.
 J - the cursed ring "Udanoram" (right hand) {rElec rPois rN+}
   (You found it on level 3 of the Crypt)

   [ring of positive energy]

   It insulates you from electricity.
   It protects you from poison.
   It protects you from negative energy.
   It has a curse placed upon it.
 Y - the cursed amulet "Kiagey" (around neck) {Gourm *Contam +Fly rC- Str+10}
   (You acquired it on level 3 of the Swamp)

   [amulet of the gourmand]

   It allows you to eat raw meat even when not hungry.
   It affects your strength (+10).
   It makes you vulnerable to cold.
   It lets you fly.
   It causes magical contamination when unequipped.
   It has a curse placed upon it.
Wands
 b - a wand of clouds (9/9)
 z - a wand of acid (10/15)
 A - a wand of acid (14/15)
 K - a wand of digging (11/24)
Scrolls
 d - a scroll of enchant armour
 h - 8 scrolls of magic mapping
 i - 18 scrolls of remove curse
 q - a scroll of enchant weapon
 r - a scroll of brand weapon
 u - 3 scrolls of identify
 w - 4 scrolls of summoning
 x - a scroll of holy word
 C - 6 scrolls of fog
 L - 3 scrolls of blinking
 Q - 13 scrolls of teleportation
 S - a scroll of fear
Potions
 e - 2 potions of agility
 s - 3 potions of mutation
 E - 2 potions of cancellation
 H - a potion of resistance
 R - 3 potions of magic
 U - 7 potions of haste
Books
 y - a book of Necromancy

   Spells                             Type                      Level
   a - Pain                           Necromancy                   1
   b - Animate Skeleton               Necromancy                   1
   c - Vampiric Draining              Necromancy                   3
   d - Regeneration                   Charms/Necromancy            3
   e - Animate Dead                   Necromancy                   4
   f - Control Undead                 Necromancy                   4
Miscellaneous
 k - a lamp of fire (inert)
 p - 2 sacks of spiders
 t - a fan of gales (inert)
 G - a phial of floods (inert)
 M - 5 phantom mirrors
Comestibles
 f - 31 bread rations
 l - 20 royal jellies
 m - 17 meat rations


   Skills:
 - Level 24.4 Fighting
   Level 7.0(8.1) Short Blades
   Level 6.2(7.7) Long Blades
 * Level 25.0(27) Maces & Flails
   Level 3.8 Bows
 - Level 2.0 Throwing
 * Level 20.7(25.3) Armour
 - Level 21.1 Dodging
 - Level 19.0 Spellcasting
 - Level 18.9(22.5) Conjurations
 - Level 1.0(3.5) Hexes
   Level 7.9(12.4) Summonings
 - Level 8.8(13.2) Necromancy
   Level 6.0(10.5) Fire Magic
 - Level 18.1(21.8) Air Magic
 - Level 13.3(17.4) Evocations


You had 32 spell levels left.
You knew the following spells:

 Your Spells              Type           Power        Failure   Level  Hunger
b - Freezing Cloud        Conj/Ice/Air   #####.....   3%          6    ######.
c - Regeneration          Chrm/Necr      ####......   1%          3    None
d - Silence               Hex/Air        #####.....   1%          5    ####...
e - Conjure Ball Lightni  Conj/Air       ######....   1%          6    ######.
g - Orb of Destruction    Conj           ######....   1%          7    #######
h - Cigotuvi's Embrace    Necr           #####.....   1%          5    ####...


Dungeon Overview and Level Annotations

Branches:
Dungeon (15/15)            Temple (1/1) D:4            Lair (6/6) D:10
  Swamp (4/4) Lair:2        Snake (4/4) Lair:3        Slime (5/5) Lair:6
    Orc (2/2) D:11            Elf (3/3) Orc:2        Vaults (5/5) D:14
  Crypt (3/3) Vaults:3       Tomb (0/3) Crypt:3      Depths (5/5) D:15
    Zot (5/5) Depths:5

Altars:
Ashenzari
Cheibriados
Dithmenos
Elyvilon
Fedhas
Gozag
Hepliaklqana
Kikubaaqudgha
Makhleb
Nemelex Xobeh
Okawaru
Qazlal
Ru
Sif Muna
Trog
Uskayaw
Vehumet
Xom
Yredelemnul
Zin
The Shining One
Beogh
Jiyva
Lugonu

Shops:
Orc:2 (!=}   Snake:1 }((:   Vaults:2 ?   Depths:1 [   Depths:3 *!(   Depths:5 }

Portals:
Hell: Depths:1 Depths:2 Depths:3 Depths:4 Depths:5
Abyss: Depths:2 Depths:4
Pandemonium: Depths:3 Depths:4
Ziggurat: Depths:5

Annotations:
D:9 exclusion: ice statue
Swamp:3 1 exclusion
Snake:1 1 exclusion
Slime:5 Vinniefish's ghost, master NaBe
Depths:4 1 exclusion
Zot:5 exclusion: obsidian statue


Innate Abilities, Weirdness & Mutations

You have a beak for a mouth.
You have claws for feet.
You can fly continuously.
You are partially covered in molten scales. (AC +2)
Your skin changes colour to match your surroundings (Stealth+).
You passively map a small area around you.
You are robust. (+10% HP)


Message History

Okay, then.
Evoke which item? (* to show all) (? for menu, Esc to quit)
Aim the lamp in which direction?
Press: ? - help, Dir - move target cursor, f/p - curse toe
Aim: a curse toe (heavily damaged)
The flames dance!
The trail of fire hits the curse toe.
The curse toe completely resists.
The curse toe is heavily damaged.
The curse toe calls on the powers of darkness!
Your body is wracked with pain!
* * * LOW HITPOINT WARNING * * *
Evoke which item? (* to show all) (? for menu, Esc to quit)
Aim the phial where?
Press: ? - help, Shift-Dir - straight line, f/p - curse toe
Aim: a curse toe (flame, heavily damaged)
The torrent of water hits the curse toe.
The curse toe is heavily damaged.
The wave splashes down.
The water rises up and takes form.
The deathcap draws from the surrounding life force!
You die...

****,............▓▓▓▓
**,,,,...§...........▓▓▓
*,,,,,....§............▓*
,,,,,,...f....^......f..* ▓▓▓▓▓▓▓
,,,,,,..........^.......*▓▓......
*,,,,,...^.f....f.......▓▓..§....
**,,,,..................▓....§§§.
**,,,............^..........§0§.
**,,,,...§..§§§§@....f..▓......§.
*,,,,,....§§≈§§.........▓▓.......
,,,,,,...§[E§...........*▓▓......
,,,,,,...§z≈≈...........* ▓▓▓▓▓▓▓
*,,,,,...≈(≈≈.......f..#*
**,,,,...≈≈(E........▓##
**,,,,,...(......▓▓▓▓
**,,,,8##▓#▓▓▓▓▓▓▓▓▓#
**,,,,,...5..........###


You could see a curse toe, 2 deathcaps, 4 wandering mushrooms and 2 friendly
water elementals.

Vanquished Creatures
  Dissolution (Slime:2)
  7 ancient liches
  5 orbs of fire
  Mennas (Crypt:1)
  Mara (Vaults:3)
  The ghost of lordive the Hoplite, a master MiMo of the Shining One (Crypt:3)
  A juggernaut (Depths:3)
  3 greater mummies (Depths:2)
  Bai Suzhen (Depths:1)
  Sojobo (Depths:2)
  Margery (Depths:5)
  Saint Roka (Crypt:1)
  Xtahua (Depths:3)
  A curse toe (Zot:4)
  5 Killer Klowns
  12 golden dragons
  the Enchantress (Depths:1)
  The ghost of Cimanyd the Gelid, an adept DgIE (Depths:1)
  2 bone dragons
  A Hellbinder (WizLab)
  5 liches
  Jorgrun (Vaults:5)
  4 electric golems
  3 quicksilver dragons
  15 tentacled monstrosities
  Asterion (Snake:3)
  2 deep elf master archers (Elf:3)
  5 titans
  2 deep elf blademasters (Elf:3)
  25 Orb Guardians (Zot:5)
  2 sphinxes
  25 acid blobs
  An ancient champion (Crypt:2)
  4 tentacled starspawn (Abyss:2)
  10 death cobs
  Kirke (Swamp:4)
  A thorn hunter (Swamp:4)
  13 shadow dragons
  6 revenants
  10 tengu reavers
  A daeva (Abyss:2)
  8 nagarajas
  Donald (Swamp:1)
  5 draconian monks
  14 storm dragons
  Aizul (Snake:1)
  19 fire giants
  An imperial myrmidon (Desolation)
  14 frost giants
  10 azure jellies
  12 draconian knights
  6 deep elf sorcerers
  Louise (Elf:1)
  7 draconian scorchers
  2 ghost moths
  An iron dragon (Depths:3)
  3 balrugs
  A caustic shrike zombie (Depths:1)
  4 ghouls
  2 reapers
  2 deep elf elementalists
  13 ironheart preservers
  13 vault wardens
  7 draconian stormcallers
  7 war gargoyles
  4 draconian shifters
  A curse skull (Crypt:1)
  8 draconian annihilators
  3 spriggan defenders (Depths:1)
  24 stone giants
  A caustic shrike skeleton (Depths:3)
  2 entropy weavers
  15 very ugly things
  15 green draconians
  Nessos (D:12)
  15 black draconians
  6 deep elf demonologists
  7 vampire knights
  8 spark wasps
  9 purple draconians
  9 white draconians
  The ghost of bande the Cleaver, a journeyman HOFi (Lair:4)
  11 deep elf annihilators
  13 red draconians
  3 halazid warlocks (Desolation)
  5 yellow draconians
  The ghost of porpoise the Archer, a journeyman CeHu of Okawaru (Lair:3)
  A blizzard demon (Abyss:2)
  3 mummy priests
  A jiangshi (Crypt:1)
  6 eidola
  14 deep elf death magi
  5 crystal guardians
  A quicksilver dragon zombie (Crypt:3)
  5 death oozes
  8 ragged hierophants (Desolation)
  7 fire dragons
  7 ettins
  Josephine (D:11)
  12 great orbs of eyes
  3 deep elf high priests
  14 yaktaur captains
  Harold (D:12)
  A merfolk impaler (Depths:4)
  34 hydras
  8 naga warriors
  10 ice dragons
  31 vault guards
  8 rakshasas
  6 servants of whispers (Desolation)
  6 peacekeepers (Desolation)
  2 ghost crabs (Swamp:4)
  2 hell beasts (WizLab)
  A juggernaut simulacrum (Depths:3)
  5 spriggan air magi
  11 centaur warriors
  10 death knights
  72 two-headed ogres
  12 anacondas
  26 dancing weapons
  5 alligators (Swamp:1)
  A hell hog (Abyss:2)
  8 tengu warriors
  11 deep troll shamans
  4 orc high priests (Orc:2)
  A vampire mage (Crypt:1)
  7 shock serpents
  5 thrashing horrors (Abyss:2)
  5 spriggan berserkers
  Urug (D:12)
  18 deep troll earth magi
  Nergalle (D:11)
  23 ogre magi
  15 hell knights
  3 sun demons
  2 wretched stars (Abyss:2)
  5 soul eaters
  9 naga sharpshooters
  Sonja (D:12)
  24 deep elf knights
  2 shadow wraiths
  A storm dragon zombie (Crypt:3)
  2 fire crabs (shapeshifter)
  5 iron trolls
  46 deep trolls
  A salamander mystic (Snake:2)
  A spatial maelstrom (Abyss:2)
  2 sixfirhies
  A storm dragon skeleton (Vaults:4)
  27 skeletal warriors
  3 flayed ghosts
  3 golden dragon zombies (Crypt:3)
  3 shambling mangroves
  11 swamp dragons
  9 glowing orange brains
  3 spriggan druids
  A death drake (shapeshifter) (Depths:5)
  3 unseen horrors
  6 naga ritualists
  19 ironbrand convokers
  18 necromancers
  A shadow dragon zombie (Crypt:2)
  17 deep elf archers
  A lindwurm (Lair:6)
  18 orc knights
  A gelid demonspawn (Depths:4)
  6 wizards
  A golden dragon skeleton (Crypt:1)
  48 deep elf magi
  10 mana vipers
  A tengu zombie (Vaults:4)
  An anaconda skeleton (Abyss:2)
  8 harpies
  12 phantasmal warriors
  10 orc sorcerers
  A fire giant zombie (Vaults:5)
  2 wolf spiders
  34 ugly things
  A stone giant zombie (Crypt:1)
  A tengu skeleton (Vaults:3)
  2 oklob plants
  13 cyclopes
  2 manticores
  12 shining eyes
  5 salamanders
  A salamander (shapeshifter) (Depths:5)
  A stone giant skeleton (Depths:1)
  An eye of devastation (Slime:2)
  24 moths of wrath
  2 dire elephant zombies (Crypt:2)
  6 elephants
  9 guardian serpents
  21 vault sentinels
  A molten gargoyle (Desolation)
  A fire giant skeleton (Vaults:3)
  A human skeleton (Vaults:4)
  39 black mambas
  An eye of devastation (shapeshifter) (Vaults:5)
  3 centaur skeletons
  2 rust devils
  3 smoke demons (Abyss:2)
  A yaktaur zombie (Vaults:3)
  17 spiny frogs
  5 torpor snails (Lair:6)
  A catoblepas zombie (Crypt:3)
  14 naga magi
  A storm dragon simulacrum (Crypt:1)
  A yaktaur (shapeshifter) (Depths:2)
  A shock serpent skeleton (Crypt:1)
  11 large abominations
  3 orange demons (WizLab)
  4 hellions
  A komodo dragon (shapeshifter) (Vaults:1)
  10 freezing wraiths
  4 kobold demonologists
  2 efreet
  4 rime drakes
  13 komodo dragons
  54 yaktaurs
  A purple draconian skeleton (Crypt:2)
  A queen bee (shapeshifter) (Depths:4)
  A tormentor (WizLab)
  8 trolls
  A hydra zombie (Crypt:2)
  4 ancient zymes (Abyss:2)
  A harpy zombie (Crypt:2)
  5 ice devils
  2 yaktaur skeletons
  A meliai (shapeshifter) (Vaults:3)
  A red devil (WizLab)
  8 tengu conjurers
  2 polar bears
  3 meliai (D:15)
  A jumping spider (shapeshifter) (D:13)
  14 tyrant leeches
  A wolf spider simulacrum (Crypt:1)
  An ettin zombie (Crypt:3)
  A wind drake (shapeshifter) (D:13)
  25 hornets
  9 raiju (Abyss:2)
  7 blink frogs
  A slime creature (shapeshifter) (Depths:1)
  A harpy skeleton (Crypt:3)
  53 saltlings (Desolation)
  3 bog bodies
  A hippogriff (shapeshifter) (Depths:2)
  A guardian serpent zombie (Crypt:2)
  A raiju (shapeshifter) (Depths:2)
  A fire giant simulacrum (Vaults:3)
  A meliai zombie (D:12)
  A stone giant simulacrum (Depths:1)
  134 slime creatures
  A frost giant simulacrum (Depths:3)
  A human simulacrum (Vaults:1)
  8 hippogriffs
  34 flying skulls
  5 ynoxinuls
  3 tarantellas (shapeshifter)
  10 starcursed masses (Abyss:2)
  9 redbacks
  2 redbacks (shapeshifter)
  6 spriggans
  7 shadows
  A water elemental (Depths:4)
  12 wraiths
  A vampire (D:13)
  9 wyverns (Lair:6)
  A wind drake zombie (Crypt:2)
  8 air elementals
  A human (D:9)
  A wyvern (shapeshifter) (Vaults:5)
  31 yaks
  5 fire elementals
  2 humans (shapeshifter)
  A black mamba skeleton (Crypt:2)
  5 chaos spawn
  7 golden eyes
  5 basilisks
  6 hogs
  42 vampire mosquitoes
  A yaktaur simulacrum (Vaults:5)
  3 neqoxecs
  4 steam dragons
  21 small abominations
  6 hungry ghosts
  13 wargs
  3 spatial vortices (Abyss:2)
  A faun zombie (Crypt:1)
  24 swamp worms
  48 nagas
  2 swamp worms (shapeshifter)
  An acid dragon (D:13)
  43 water moccasins
  2 soldier ants
  A merfolk skeleton (Crypt:3)
  13 porcupines
  A floating eye (Depths:3)
  4 black bears
  A hornet zombie (D:8)
  56 orc warriors
  A sky beast (shapeshifter) (Vaults:5)
  A fire dragon simulacrum (Depths:1)
  13 swamp drakes
  11 eyes of draining
  3 ice beasts
  4 phantoms
  2 sky beasts
  12 boggarts
  2 human zombies
  4 necrophages (Crypt:3)
  39 ogres
  28 wolves
  A blink frog zombie (Crypt:2)
  A manticore skeleton (Crypt:3)
  31 centaurs
  9 crocodiles
  An elf simulacrum (Vaults:5)
  An octopode zombie (Crypt:2)
  25 bullfrogs
  2 big kobolds
  4 earth elementals
  A glowing shapeshifter simulacrum (Vaults:5)
  A wyvern zombie (D:11)
  A deep troll simulacrum (Vaults:1)
  2 wyvern skeletons (D:12)
  A water moccasin zombie (D:11)
  3 scorpions
  12 killer bees
  A troll skeleton (Crypt:2)
  3 troll zombies
  14 wights
  2 electric eels
  8 crimson imps
  4 centaur zombies
  A demonspawn zombie (Crypt:1)
  7 quasits
  7 hounds
  A jelly (D:14)
  30 orc priests
  A soldier ant zombie (Crypt:2)
  2 bullfrog zombies
  A bullfrog skeleton (D:11)
  5 iron imps
  A demonspawn skeleton (Crypt:1)
  18 iguanas
  38 orc wizards
  12 worker ants
  2 polar bear simulacra (Lair:3)
  5 wolf simulacra (Lair:3)
  A killer bee zombie (D:7)
  6 ogre zombies (D:11)
  A naga skeleton (Abyss:2)
  2 hound skeletons
  A hound zombie (D:7)
  2 howler monkey zombies (D:6)
  2 worker ant zombies
  4 gnolls
  17 adders
  5 shadow imps
  4 white imps
  4 ufetubi
  An ooze (D:2)
  An adder skeleton (D:6)
  3 dart slugs
  3 leopard geckos
  119 orcs
  6 bats
  A giant cockroach (D:1)
  10 goblins
  7 hobgoblins
  5 jackals
  17 kobolds
  2 quokkas (D:6)
  4 ball pythons
  A frilled lizard (D:5)
  2 goblin skeletons (D:11)
  3 goblin zombies (D:11)
  3 hobgoblin zombies (D:11)
  A jackal zombie (D:5)
  A leopard gecko skeleton (D:5)
  4 orc skeletons (D:11)
  13 orc zombies (D:11)
  2 quokka skeletons
  A quokka zombie (Crypt:2)
  9 rats
  4 river rat simulacra (Lair:3)
  A spectral orc (D:2)
  5 plants
  2 starspawn tentacles (Abyss:2)
3049 creatures vanquished.

Vanquished Creatures (collateral kills)
  the Royal Jelly (Slime:5)
  Boris (Depths:5)
  A deep elf blademaster (Elf:2)
  A curse skull (Crypt:1)
  A death ooze (Slime:5)
  2 dancing weapons (Elf:2)
  A deep elf knight (Elf:2)
  A hell knight (Depths:5)
  A skeletal warrior (Crypt:1)
  2 deep elf magi (Elf:2)
  An orc sorcerer (Crypt:1)
  A black mamba skeleton (Crypt:1)
  3 orc warriors (Crypt:1)
  An orc wizard (Crypt:1)
  2 orcs (Crypt:1)
20 creatures vanquished.

Vanquished Creatures (others)
  2 ironbrand convokers (Desolation)
  A vault sentinel (Vaults:3)
  An ice devil (Depths:3)
  A saltling (Desolation)
  A swamp drake (Swamp:4)
  An ogre (Depths:1)
  A bullfrog skeleton (D:10)
  A shadow imp (Depths:3)
  62 ball lightnings
  An orc (Orc:1)
  7 fungi
  A lurking horror (Abyss:2)
  13 plants
  10 starspawn tentacles (Abyss:2)
103 creatures vanquished.

Grand Total: 3172 creatures vanquished

Notes
Turn   | Place    | Note
-------+----------+-------------------------------------------
     0 | D:1      | rageheart7 the Tengu Gladiator began the quest for the Orb.
     0 | D:1      | Reached XP level 1. HP: 12/12 MP: 2/2
   285 | D:1      | Reached XP level 2. HP: 17/17 MP: 3/3
   952 | D:1      | Reached XP level 3. HP: 19/22 MP: 4/4
  2035 | D:2      | Reached XP level 4. HP: 27/27 MP: 5/5
  2101 | D:2      | Reached skill level 5 in Long Blades
  2238 | D:2      | Found a basalt altar of Yredelemnul.
  2482 | D:3      | Gained mutation: You passively map a small area around you. [potion of mutation]
  2482 | D:3      | Gained mutation: You are resistant to electric shocks. (rElec) [potion of mutation]
  2493 | D:3      | Gained mutation: You can fly. [Tengu growth]
  2493 | D:3      | Reached XP level 5. HP: 4/32 MP: 0/6
  2847 | D:3      | Found a shadowy altar of Dithmenos.
  2849 | D:3      | Found an iron altar of Okawaru.
  3397 | D:3      | Reached XP level 6. HP: 18/37 MP: 3/7
  3944 | D:4      | Found a staircase to the Ecumenical Temple.
  3982 | Temple   | Entered the Ecumenical Temple
  4074 | Temple   | Became a worshipper of Ashenzari the Shackled
  4343 | D:5      | Entered Level 5 of the Dungeon
  4496 | D:5      | Reached XP level 7. HP: 44/44 MP: 4/8
  4942 | D:5      | Reached skill level 5 in Fighting
  4995 | D:5      | Found an ancient bone altar of Kikubaaqudgha.
  5254 | D:6      | Reached XP level 8. HP: 50/50 MP: 9/9
  5334 | D:6      | Found a hazy altar of Hepliaklqana.
  5700 | D:6      | Reached * piety under Ashenzari
  5894 | D:6      | Found a stormy altar of Qazlal.
  5946 | D:6      | Found a blossoming altar of Fedhas.
  6268 | D:7      | Found an opulent altar of Gozag.
  6268 | D:7      | Found a hide-covered altar of Uskayaw.
  6403 | D:7      | Reached XP level 9. HP: 55/58 MP: 10/10
  6685 | D:8      | Found a glowing silver altar of Zin.
  6691 | D:8      | Noticed an angel
  6945 | D:8      | You fall through a shaft!
  7151 | D:8      | Reached ** piety under Ashenzari
  7172 | D:8      | Reached skill level 10 in Long Blades
  7270 | D:8      | Found a shimmering altar of Xom.
  7400 | D:8      | Found a sacrificial altar of Ru.
  7493 | D:9      | Learned a level 5 spell: Lightning Bolt
  7522 | D:9      | Noticed an ice devil
  7624 | D:9      | Reached skill level 1 in Armour
  7858 | D:9      | Found a deep blue altar of Sif Muna.
  7894 | D:9      | Noticed an ice devil
  7895 | D:9      | Noticed an ice devil
  7895 | D:9      | Noticed an ice statue
  7914 | D:9      | Identified 2 scrolls of acquirement
  7918 | D:9      | Got the cursed great sword of the Volcano {elec, rPois rC++}
  7919 | D:9      | Identified the cursed +7 great sword of the Volcano {elec, rPois rC++} (You acquired it on level 9 of the Dungeon)
  7943 | D:9      | Noticed an ice devil
  7960 | D:9      | Noticed an ice devil
  8096 | D:9      | Reached skill level 10 in Fighting
  8100 | D:9      | Reached XP level 10. HP: 68/68 MP: 11/11
  8344 | D:10     | Entered Level 10 of the Dungeon
  8376 | D:10     | Found a staircase to the Lair.
  8607 | D:10     | Noticed a two-headed ogre
  8618 | D:10     | Killed a two-headed ogre
  8632 | D:10     | Reached skill level 5 in Dodging
  8632 | D:10     | Reached XP level 11. HP: 43/76 MP: 5/12
  9298 | D:11     | Identified the +1 helmet "Peirch" {rN+ Dex+5}
  9331 | D:11     | Noticed Josephine
  9332 | D:11     | Noticed a brown ugly thing
  9337 | D:11     | Reached skill level 5 in Armour
  9340 | D:11     | Killed Josephine
  9344 | D:11     | Killed a brown ugly thing
  9537 | D:11     | Noticed Nergalle
  9545 | D:11     | Killed Nergalle
  9667 | D:11     | Reached *** piety under Ashenzari
  9727 | D:11     | Found a roughly hewn altar of Beogh.
 10011 | D:11     | Found a staircase to the Orcish Mines.
 10011 | D:11     | Noticed a cyan ugly thing
 10028 | D:11     | Killed a cyan ugly thing
 10340 | D:11     | Found an opulent altar of Gozag.
 10628 | Lair:1   | Entered Level 1 of the Lair of Beasts
 10868 | Lair:1   | Reached XP level 12. HP: 80/84 MP: 13/13
 10936 | Lair:1   | Reached skill level 1 in Evocations
 10982 | Lair:1   | Noticed a seven-headed hydra
 10990 | Lair:1   | Killed an eight-headed hydra
 11528 | Lair:1   | Reached **** piety under Ashenzari
 11869 | Lair:2   | Noticed an eight-headed hydra
 12268 | Lair:2   | Killed a ten-headed hydra
 12295 | Lair:2   | Noticed a seven-headed hydra
 12301 | Lair:2   | Killed a seven-headed hydra
 12321 | Lair:2   | Noticed an eight-headed hydra
 12326 | Lair:2   | Killed an eight-headed hydra
 12340 | Lair:2   | Reached skill level 15 in Fighting
 12925 | Lair:2   | Found a staircase to the Swamp.
 13468 | Lair:3   | Reached XP level 13. HP: 85/92 MP: 12/15
 13487 | Lair:3   | Found a staircase to the Snake Pit.
 13534 | Lair:3   | Noticed porpoise's ghost (journeyman CeHu)
 13546 | Lair:3   | Killed porpoise's ghost
 13546 | Lair:3   | Reached skill level 10 in Armour
 13546 | Lair:3   | Reached skill level 10 in Dodging
 15015 | Lair:4   | Noticed bande's ghost (journeyman HOFi)
 15148 | D:12     | Noticed Sonja
 15150 | D:12     | Noticed Nessos
 15472 | Orc:1    | Entered Level 1 of the Orcish Mines
 16059 | Orc:1    | Reached ***** piety under Ashenzari
 16360 | Orc:2    | Entered Level 2 of the Orcish Mines
 16363 | Orc:2    | Found a staircase to the Elven Halls.
 17311 | Orc:2    | Gained mutation: You can fly continuously. [Tengu growth]
 17311 | Orc:2    | Reached XP level 14. HP: 94/98 MP: 14/16
 17809 | Orc:2    | Found Yfyaffen's Gadget Shoppe.
 17809 | Orc:2    | Found Jiasycho's Jewellery Shop.
 17971 | Orc:2    | Found Exeogew's Antique Weapon Shop.
 17971 | Orc:2    | Found Qozeohi's Distillery.
 17979 | Orc:2    | Bought a steaming demon trident for 620 gold pieces
 17979 | Orc:2    | Identified the +8 demon trident of the Jester {freeze, rF+} (You bought it in a shop on level 2 of the Orcish Mines)
 17980 | Orc:2    | Bought a potion of experience for 750 gold pieces
 17980 | Orc:2    | Bought a potion of curing for 45 gold pieces
 18099 | Orc:2    | Reached skill level 5 in Conjurations
 18099 | Orc:2    | Reached skill level 5 in Air Magic
 18099 | Orc:2    | Reached XP level 15. HP: 103/103 MP: 17/17
 18412 | Lair:4   | Killed bande's ghost
 19893 | Lair:6   | Entered Level 6 of the Lair of Beasts
 20016 | Lair:6   | Reached ****** piety under Ashenzari
 20130 | Lair:6   | Reached skill level 15 in Long Blades
 20299 | Lair:6   | Found a staircase to the Slime Pits.
 20299 | Lair:6   | Found a viscous altar of Jiyva.
 20498 | Lair:6   | Found a runed door.
 21044 | Lair:6   | Reached XP level 16. HP: 106/108 MP: 18/18
 21679 | D:12     | Noticed Urug
 21702 | D:12     | Killed Urug
 21882 | D:12     | Noticed Harold
 21891 | D:12     | Killed Harold
 22120 | D:12     | Killed Sonja
 22427 | D:12     | Killed Nessos
 23546 | D:13     | Found an ancient bone altar of Kikubaaqudgha.
 23915 | D:13     | Reached skill level 10 in Conjurations
 24193 | D:13     | Reached skill level 10 in Air Magic
 24332 | D:14     | Found a gate to the Vaults.
 24445 | D:14     | Got the uncursed chain mail of the Black Moon {rPois}
 24456 | D:14     | Identified the +1 chain mail of the Black Moon {rPois} (You found it on level 14 of the Dungeon)
 25112 | D:15     | Entered Level 15 of the Dungeon
 25516 | D:15     | Found a staircase to the Depths.
 25889 | D:15     | Reached XP level 17. HP: 81/113 MP: 11/19
 26492 | Swamp:1  | Entered Level 1 of the Swamp
 27239 | Swamp:1  | Noticed Donald
 27251 | Swamp:1  | Killed Donald
 28014 | Swamp:2  | Noticed a tentacled monstrosity
 28022 | Swamp:2  | Killed a tentacled monstrosity
 28213 | Swamp:3  | Reached skill level 5 in Evocations
 28312 | Swamp:3  | Reduced skill Air Magic to level 10
 28325 | Swamp:3  | Paralysed by a hornet for 1 turns
 28601 | Swamp:3  | Identified the cursed amulet "Kiagey" {Gourm *Contam +Fly rC- Str+10} (You acquired it on level 3 of the Swamp)
 28782 | Swamp:4  | Entered Level 4 of the Swamp
 28907 | Swamp:3  | Reduced skill Conjurations to level 10
 29184 | Swamp:3  | Reached skill level 10 in Evocations
 29699 | Swamp:4  | Reached XP level 18. HP: 95/122 MP: 23/26
 30053 | Swamp:4  | Learned a level 6 spell: Freezing Cloud
 30122 | Swamp:4  | Noticed Kirke
 30191 | Swamp:4  | Killed Kirke
 30345 | Swamp:4  | Got a decaying rune of Zot
 30680 | D:15     | Identified the +1 robe "Xuwoir" {Stlth+} (You found it on level 6 of the Lair of Beasts)
 30916 | Orc:2    | Bought a box of beasts for 240 gold pieces
 30916 | Orc:2    | Bought a sack of spiders for 240 gold pieces
 30916 | Orc:2    | Bought a lamp of fire for 480 gold pieces
 31085 | Snake:1  | Entered Level 1 of the Snake Pit
 31093 | Snake:1  | Found Verchu's Weapon Boutique.
 31120 | Snake:1  | Found a shattered altar of Ashenzari.
 31165 | Snake:1  | Found Rawawuezia's Weapon Shoppe.
 31260 | Snake:1  | Found Vatref's Gadget Shoppe.
 31411 | Snake:1  | Noticed Aizul
 31426 | Snake:1  | Found Baupruydd's Book Shoppe.
 31768 | Snake:1  | Killed Aizul
 33608 | Snake:3  | Noticed Asterion
 33613 | Snake:3  | Killed Asterion
 34082 | Snake:4  | Entered Level 4 of the Snake Pit
 34272 | Snake:4  | Identified the +4 broad axe "Celoacs" {antimagic, +Rage rPois Stlth+}
 34512 | Snake:4  | Reached XP level 19. HP: 130/130 MP: 27/27
 35168 | Snake:4  | Reached skill level 1 in Bows
 35681 | Snake:4  | Got a serpentine rune of Zot
 36123 | D:15     | Reached skill level 15 in Armour
 36169 | D:15     | Learned a level 3 spell: Regeneration
 36361 | Elf:1    | Entered Level 1 of the Elven Halls
 36371 | Elf:1    | Reached skill level 5 in Bows
 37440 | Elf:1    | Noticed Louise
 37459 | Elf:1    | Killed Louise
 37706 | Elf:2    | Found a runed gate.
 37708 | Elf:2    | Found a runed gate.
 37711 | Elf:2    | Found a runed gate.
 38106 | Elf:2    | Reached XP level 20. HP: 59/137 MP: 28/28
 38408 | Elf:2    | Reached skill level 10 in Bows
 38942 | Elf:3    | Entered Level 3 of the Elven Halls
 38974 | Elf:3    | Cast into level 2 of the Abyss (a deep elf demonologist)
 39252 | Abyss:2  | Noticed a bone dragon
 39565 | Abyss:2  | Noticed a bone dragon
 39568 | Abyss:2  | Noticed a bone dragon
 39580 | Abyss:2  | Killed a bone dragon
 40055 | Abyss:2  | Identified the cursed +0 long sword "Lishohot" {venom, rC+ Int+5}
 40098 | Abyss:2  | Reached skill level 15 in Dodging
 40288 | Elf:3    | Escaped the Abyss
 40289 | Elf:3    | Noticed a Brimstone Fiend
 40315 | Elf:3    | Reached XP level 21. HP: 92/142 MP: 29/29
 40711 | Elf:3    | Identified the ring of Lapegh {EV+2 Dex+3} (You took it off a deep elf death mage on level 3 of the Elven Halls)
 40788 | Elf:3    | Identified the cursed +2 long sword "Varghy" {speed, Str+4 SInv Stlth+}
 40804 | Elf:3    | Identified the cursed +1 great sword of Vypopt {slice, rF+}
 40804 | Elf:3    | Identified the +8 scimitar "Nomai" {slice, Str+4}
 40888 | Elf:3    | Identified the +7 hunting sling of Taatru {flame, Dex+6}
 40897 | Elf:3    | Identified the cursed +1 hand axe "Junaxor" {speed, rF+}
 40943 | Elf:3    | Identified the +1 chain mail of the Original Sin {rElec rF- Int+9 Slay+5}
 40945 | Elf:3    | Identified the Papyrus of Bewitchment and the Traveller
 40976 | Elf:3    | Identified the Volume of the Voyage and Transmigration
 41092 | Elf:3    | Reached skill level 1 in Short Blades
 41146 | Elf:3    | Reached skill level 1 in Unarmed Combat
 42215 | Slime:1  | Entered Level 1 of the Pits of Slime
 42229 | Slime:1  | Reached skill level 5 in Short Blades
 42241 | Slime:1  | Gained mutation: Your body sometimes deteriorates upon taking damage. [a shining eye]
 42243 | Slime:1  | Gained mutation: You are frail. (-10% HP) [a shining eye]
 42246 | Slime:1  | Gained mutation: You are dopey. (Int -2) [a shining eye]
 42249 | Slime:1  | Lost mutation: Your body sometimes deteriorates upon taking damage. [potion of mutation]
 42249 | Slime:1  | Lost mutation: You are dopey. (Int -2) [potion of mutation]
 42249 | Slime:1  | Lost mutation: You are frail. (-10% HP) [potion of mutation]
 42249 | Slime:1  | Lost mutation: You are resistant to electric shocks. (rElec) [potion of mutation]
 42249 | Slime:1  | Gained mutation: You possess an exceptional clarity of mind. [potion of mutation]
 42249 | Slime:1  | Gained mutation: Armour fits poorly on your strangely shaped body. [potion of mutation]
 42249 | Slime:1  | Gained mutation: You are agile. (Dex +2) [potion of mutation]
 42250 | Slime:1  | Lost mutation: You possess an exceptional clarity of mind. [potion of mutation]
 42250 | Slime:1  | Lost mutation: You passively map a small area around you. [potion of mutation]
 42250 | Slime:1  | Lost mutation: Armour fits poorly on your strangely shaped body. [potion of mutation]
 42250 | Slime:1  | Gained mutation: Your mind is acute. (Int +2) [potion of mutation]
 42250 | Slime:1  | Gained mutation: You are robust. (+10% HP) [potion of mutation]
 42250 | Slime:1  | Gained mutation: You are somewhat resistant to further mutation. [potion of mutation]
 42486 | Slime:2  | Noticed Dissolution
 42492 | Slime:2  | Killed Dissolution
 42500 | Slime:2  | Gained mutation: Armour fits poorly on your strangely shaped body. [a shining eye]
 42506 | Slime:2  | Lost mutation: You are robust. (+10% HP) [a shining eye]
 42512 | Slime:2  | Reduced skill Bows to level 10
 42935 | Slime:1  | Lost mutation: Your mind is acute. (Int +2) [potion of mutation]
 42935 | Slime:1  | Lost mutation: Armour fits poorly on your strangely shaped body. [potion of mutation]
 42935 | Slime:1  | Lost mutation: You are agile. (Dex +2) [potion of mutation]
 42935 | Slime:1  | Lost mutation: You are somewhat resistant to further mutation. [potion of mutation]
 42935 | Slime:1  | Gained mutation: You are surrounded by a mild repulsion field. (EV +2) [potion of mutation]
 42935 | Slime:1  | Gained mutation: You have supernaturally acute eyesight. (SInv) [potion of mutation]
 42935 | Slime:1  | Gained mutation: You are dopey. (Int -2) [potion of mutation]
 42935 | Slime:1  | Gained mutation: You have a pair of small antennae on your head. [potion of mutation]
 43174 | Slime:2  | Reached skill level 10 in Short Blades
 43192 | Slime:2  | HP: 5/142 [acid (5)]
 43737 | Slime:2  | Reached skill level 10 in Unarmed Combat
 44045 | Slime:2  | Gained mutation: You occasionally shout uncontrollably at your foes. [a shining eye]
 44047 | Slime:2  | Gained mutation: Your magical capacity is low. (-10% MP) [a shining eye]
 44196 | Slime:3  | Gained mutation: Your body sometimes deteriorates upon taking damage. [a shining eye]
 44207 | Slime:3  | Gained mutation: You expend magic power (3 MP) to strengthen your wands. [a shining eye]
 44217 | Slime:3  | Lost mutation: You have supernaturally acute eyesight. (SInv) [a shining eye]
 44219 | Slime:3  | Gained mutation: You are occasionally teleported next to monsters. [a shining eye]
 44278 | Slime:2  | Lost mutation: You have a pair of small antennae on your head. [potion of mutation]
 44278 | Slime:2  | Lost mutation: Your body sometimes deteriorates upon taking damage. [potion of mutation]
 44278 | Slime:2  | Lost mutation: Your magical capacity is low. (-10% MP) [potion of mutation]
 44278 | Slime:2  | Lost mutation: You are dopey. (Int -2) [potion of mutation]
 44278 | Slime:2  | Lost mutation: You occasionally shout uncontrollably at your foes. [potion of mutation]
 44278 | Slime:2  | Gained mutation: You can translocate small distances at will. [potion of mutation]
 44279 | Slime:2  | Lost mutation: You are surrounded by a mild repulsion field. (EV +2) [potion of mutation]
 44279 | Slime:2  | Lost mutation: You expend magic power (3 MP) to strengthen your wands. [potion of mutation]
 44279 | Slime:2  | Gained mutation: You do not regenerate when monsters are visible. [potion of mutation]
 44279 | Slime:2  | Gained mutation: Your flesh is heat resistant. (rF+) [potion of mutation]
 44280 | Slime:2  | Lost mutation: You do not regenerate when monsters are visible. [potion of mutation]
 44280 | Slime:2  | Lost mutation: You are occasionally teleported next to monsters. [potion of mutation]
 44280 | Slime:2  | Lost mutation: Your flesh is heat resistant. (rF+) [potion of mutation]
 44280 | Slime:2  | Lost mutation: You can translocate small distances at will. [potion of mutation]
 44280 | Slime:2  | Gained mutation: You are somewhat resistant to further mutation. [potion of mutation]
 44280 | Slime:2  | Gained mutation: You are partially covered in rugged brown scales. (AC +1, +3% HP) [potion of mutation]
 45158 | Slime:4  | Reached XP level 22. HP: 83/152 MP: 33/33
 46128 | Slime:5  | Entered Level 5 of the Pits of Slime
 46154 | Slime:5  | Noticed the Royal Jelly
 46171 | Slime:5  | Killed the Royal Jelly
 47450 | Slime:4  | Reached skill level 10 in Air Magic
 47999 | Slime:5  | Identified the cursed +0 mace "Revomubre" {protect, *Noise +Inv rC+ SInv}
 48001 | Slime:5  | Identified the cursed +2 flail of the Spectre {pain, rN+ Str+3 Dex+2}
 48001 | Slime:5  | Identified the ring "Geumumaq" {EV+5 Int+2}
 48001 | Slime:5  | Identified the +7 short sword "Roisyuk" {pierce, rC+ Str+5}
 48013 | Slime:5  | Identified the +9 long sword "Otsuiv" {slice, +Blink rPois}
 48205 | Slime:5  | Got a slimy rune of Zot
 48291 | Slime:5  | Gained mutation: You are surrounded by a mild repulsion field. (EV +2) [a shining eye]
 48387 | Slime:5  | Noticed Vinniefish's ghost (master NaBe)
 48939 | D:15     | Learned a level 5 spell: Silence
 48940 | Depths:1 | Entered Level 1 of the Depths
 48980 | Depths:1 | Reduced skill Short Blades to level 10
 49069 | Depths:1 | Found a magical portal.
 49098 | WizLab   | Entered The Hall of the Hellbinder
 50215 | WizLab   | Found a burning altar of Makhleb.
 50230 | WizLab   | Identified the Handbook of the Entourage
 50263 | WizLab   | Identified the Handbook of Creation
 50846 | Depths:1 | Noticed Cimanyd's ghost (adept DgIE)
 50895 | Depths:1 | Killed Cimanyd's ghost
 51236 | Depths:1 | Found Ystrick's Antique Armour Shoppe.
 51406 | Depths:1 | Found an iron altar of Okawaru.
 51704 | Depths:1 | Noticed the Enchantress
 51709 | Depths:1 | Reached XP level 23. HP: 150/160 MP: 34/34
 51725 | Depths:1 | Killed the Enchantress
 51725 | Depths:1 | Identified the +4 faerie dragon scales {rF+ rCorr SInv} (You took it off the Enchantress on level 1 of the Depths)
 52045 | Depths:1 | Found a gateway to Hell.
 52222 | Depths:2 | Noticed Bai Suzhen
 52361 | Depths:1 | Killed Bai Suzhen
 52419 | Depths:2 | Found a one-way gate to the infinite horrors of the Abyss.
 53239 | Depths:3 | Found Syapp's Assorted Antiques.
 53242 | Depths:3 | Bought a potion of might for 168 gold pieces
 53242 | Depths:3 | Bought a potion of might for 168 gold pieces
 53242 | Depths:3 | Bought a potion of agility for 168 gold pieces
 53242 | Depths:3 | Bought a potion of curing for 126 gold pieces
 53366 | Depths:3 | Noticed Xtahua
 53376 | Depths:3 | Killed Xtahua
 53396 | Depths:3 | Found a one-way gate leading to the halls of Pandemonium.
 53945 | Depths:3 | Identified the cursed +1 scale mail of Enugon {Str+3 Dex+3}
 54013 | Depths:3 | Found Aloenn's Distillery.
 54020 | Depths:3 | Bought a potion of agility for 88 gold pieces
 54020 | Depths:3 | Bought a potion of curing for 66 gold pieces
 54188 | Depths:3 | Noticed a golden dragon
 54197 | Depths:3 | Killed a golden dragon
 54205 | Depths:3 | Noticed a juggernaut
 54218 | Depths:3 | Killed a juggernaut
 54256 | Depths:3 | Reached XP level 24. HP: 74/173 MP: 34/34
 54747 | Depths:3 | Found Fapsess's Weapon Emporium.
 54843 | Depths:4 | Reached skill level 10 in Conjurations
 55385 | Depths:4 | Found a sparkling altar of Nemelex Xobeh.
 55715 | Depths:4 | Reached skill level 1 in Hexes
 55730 | Depths:4 | Reached skill level 15 in Conjurations
 55815 | Depths:4 | Identified the Incunabulum of Boosts and Weightlessness
 55817 | Depths:4 | Identified the Volume of Mutagenic Venom
 55867 | Depths:4 | Reduced skill Unarmed Combat to level 10
 55867 | Depths:4 | Reached skill level 1 in Spellcasting
 56472 | Depths:4 | Reached skill level 5 in Spellcasting
 56842 | Depths:5 | Entered Level 5 of the Depths
 56852 | Depths:5 | Noticed Boris
 56868 | Depths:5 | Killed Boris
 56874 | Depths:5 | Reached skill level 1 in Summonings
 56923 | Depths:5 | Reached skill level 5 in Summonings
 57042 | Depths:5 | Found a gateway to a ziggurat.
 57847 | Depths:5 | Found Uruops's Quality Used Wands.
 58316 | Depths:5 | Noticed Margery
 58399 | Depths:5 | Killed Margery
 58399 | Depths:5 | Reached XP level 25. HP: 148/179 MP: 34/34
 59000 | Depths:5 | Found a gate to the Realm of Zot.
 59009 | Depths:5 | Learned a level 6 spell: Conjure Ball Lightning
 59220 | Vaults:1 | Entered Level 1 of the Vaults
 60020 | Vaults:1 | Reached skill level 15 in Air Magic
 60648 | Vaults:2 | Found Ovvacesy's Magic Scroll Shoppe.
 60657 | Vaults:2 | Bought a scroll of recharging for 209 gold pieces
 60657 | Vaults:2 | Bought a scroll of remove curse for 66 gold pieces
 60657 | Vaults:2 | Bought a scroll of teleportation for 66 gold pieces
 60657 | Vaults:2 | Bought a scroll of teleportation for 66 gold pieces
 60657 | Vaults:2 | Bought a scroll of blinking for 165 gold pieces
 60657 | Vaults:2 | Bought a scroll of magic mapping for 77 gold pieces
 60685 | Vaults:2 | Reached skill level 1 in Fire Magic
 60947 | Vaults:2 | Reduced skill Unarmed Combat to level 5
 60958 | Vaults:2 | Reached skill level 5 in Fire Magic
 61884 | Vaults:3 | Noticed Mara
 61887 | Vaults:3 | Noticed rageheart7's illusion
 61895 | Vaults:3 | Killed Mara
 61895 | Vaults:3 | Reached XP level 26. HP: 149/185 MP: 36/36
 61924 | Vaults:3 | Found a flickering gateway to a bazaar.
 61939 | Bazaar   | Entered a bazaar
 61956 | Bazaar   | Found Heirato's Distillery.
 61960 | Bazaar   | Bought a potion of might for 28 gold pieces
 61960 | Bazaar   | Bought a potion of curing for 21 gold pieces
 61960 | Bazaar   | Bought a potion of might for 28 gold pieces
 61960 | Bazaar   | Bought a potion of curing for 21 gold pieces
 61960 | Bazaar   | Bought a potion of curing for 21 gold pieces
 61960 | Bazaar   | Bought a potion of might for 28 gold pieces
 61960 | Bazaar   | Bought a potion of haste for 70 gold pieces
 61960 | Bazaar   | Bought a potion of mutation for 56 gold pieces
 61977 | Bazaar   | Found Fut Xeol's Antique Armour Shoppe.
 61977 | Bazaar   | Found Xularet's Antique Armour Emporium.
 61981 | Bazaar   | Bought a brightly glowing plate armour for 784 gold pieces
 61981 | Bazaar   | Identified the +10 plate armour of Weightlessness {rPois rC+ Str+4} (You bought it in a shop in a bazaar)
 61981 | Bazaar   | Bought a heavily runed plate armour for 784 gold pieces
 61981 | Bazaar   | Identified the +2 plate armour of the Blessed Realm {rPois rC- Dex+7} (You bought it in a shop in a bazaar)
 62348 | Vaults:3 | Reached skill level 1 in Necromancy
 62499 | Vaults:3 | Found a staircase to the Crypt.
 62503 | Vaults:3 | Reduced skill Bows to level 5
 62536 | Vaults:3 | Reached skill level 5 in Necromancy
 63213 | Vaults:4 | Found a ruined gateway.
 63219 | Vaults:4 | Reached skill level 10 in Spellcasting
 63247 | Desolati | Entered the Desolation of Salt
 63388 | Desolati | Identified the +8 shortbow of Big Damage {freeze, Str+2}
 63403 | Desolati | Identified the Compendium of the Hart
 63653 | Desolati | Identified the +1 leather armour of the Nexus {+Inv}
 63653 | Desolati | Identified the ring "Weaceame" {+Fly Str+5}
 63654 | Desolati | Identified the +5 ring mail of the Amoeba {SInv}
 64179 | Desolati | Identified the +4 robe "Earthly Heaven" {*Drain Str-5 Int+8 SInv} (You took it off a servant of whispers in the Desolation of Salt)
 64188 | Desolati | Identified Orghune's Grimoire of Evil Air
 64209 | Desolati | Identified the ring of Fesiudio {-Tele +Inv Dex+4 Slay+2} (You took it off a servant of whispers in the Desolation of Salt)
 64578 | Vaults:4 | Identified the ring of Kyan {Fire rPois rN+ MP-9}
 64714 | Vaults:4 | Identified the +5 hand axe of Mourning {chop, rPois rF+ Int+3}
 66143 | Vaults:4 | Identified the +4 chain mail "Mimnixt" {rCorr Str+2 Dex+4}
 66365 | Vaults:5 | Entered Level 5 of the Vaults
 66395 | Vaults:5 | Reached XP level 27. HP: 136/190 MP: 41/41
 66453 | Vaults:5 | Noticed Jorgrun
 66461 | Vaults:5 | Killed Jorgrun
 66537 | Vaults:5 | Noticed an ancient lich
 66544 | Vaults:5 | Identified the +0 flail "Naph" {flame, rPois rC+ MR- MP+9} (You took it off a necromancer on level 5 of the Vaults)
 66553 | Vaults:5 | Killed an ancient lich
 66554 | Vaults:5 | Identified the +7 chain mail of Alocuegh {Regen+ Dex+6}
 66554 | Vaults:5 | Identified the cursed +0 chain mail of Fiosch {Str+4}
 66579 | Vaults:5 | Reached skill level 15 in Spellcasting
 66592 | Vaults:5 | Identified the ring of Luqadul {rCorr Int+4} (You took it off an ironbrand convoker on level 5 of the Vaults)
 66599 | Vaults:5 | Identified the +5 falchion of Pyeczam {distort, +Blink rPois Dex+3} (You took it off a deep elf annihilator on level 5 of the Vaults)
 66780 | Vaults:5 | Got a silver rune of Zot
 66823 | Vaults:5 | Learned a level 6 spell: Statue Form
 67134 | Vaults:5 | Identified the +1 falchion of Revolt {flame, rPois Str+2}
 67239 | Vaults:5 | Identified the cursed ring "Iffawom" {MR+ MP+9 Int-3} (You took it off a vault warden on level 5 of the Vaults)
 67244 | Vaults:5 | Identified the ring "Wonoodap" {Fire SInv} (You took it off a fire giant on level 5 of the Vaults)
 67483 | Vaults:5 | Identified the Disquisition on Doomed Confrontation
 67856 | Vaults:5 | Gained mutation: Your spells are a little easier to cast, but a little less powerful. [a neqoxec]
 68769 | Vaults:3 | Reduced skill Unarmed Combat to level 1
 68782 | Crypt:1  | Entered Level 1 of the Crypt
 69126 | Crypt:1  | Noticed Mennas
 69127 | Crypt:1  | Noticed Saint Roka
 69361 | Crypt:1  | Identified the +10 mace "Niseox" {flame, rF- MP-9 Str+4 Dex+8}
 69406 | Crypt:1  | Killed Mennas
 69465 | Crypt:1  | Killed Saint Roka
 70234 | Crypt:2  | Noticed an ancient lich
 70239 | Crypt:2  | Paralysed by an ancient lich for 2 turns
 70242 | Crypt:2  | Killed an ancient lich
 70293 | Crypt:2  | Identified Kikubaaqudgha's Almanac of Dark Secrets
 70968 | Crypt:3  | Entered Level 3 of the Crypt
 71151 | Crypt:3  | Found an ancient bone altar of Kikubaaqudgha.
 71151 | Crypt:3  | Noticed an ancient lich
 71166 | Crypt:3  | Killed an ancient lich
 71199 | Crypt:3  | Identified the +3 scimitar "Demonslayer" {freeze, rElec Int+5 Dex-5 SInv}
 71199 | Crypt:3  | Identified the ring "Udanoram" {rElec rPois rN+}
 71202 | Crypt:3  | Identified the ring "Kel Teim" {rC- rN+ Str+4 Int+5}
 71255 | Crypt:3  | Found a staircase to the Tomb.
 71498 | Crypt:3  | Paralysed by a vampire knight for 7 turns
 71562 | Crypt:3  | Identified the +1 helmet "Pimah" {Regen+ rCorr Int-3 Dex+5}
 71580 | Crypt:3  | Identified the Reference Book on Evil Rituals
 71643 | Crypt:3  | Noticed lordive's ghost (master MiMo)
 71672 | Crypt:3  | Killed lordive's ghost
 72388 | D:15     | Learned a level 7 spell: Orb of Destruction
 72394 | D:15     | Learned a level 5 spell: Cigotuvi's Embrace
 72529 | Depths:3 | Reached skill level 1 in Maces & Flails
 72529 | Depths:3 | Reached skill level 2 in Maces & Flails
 72529 | Depths:3 | Reached skill level 3 in Maces & Flails
 72832 | Depths:2 | Reached skill level 4 in Maces & Flails
 72841 | Depths:2 | Reached skill level 5 in Maces & Flails
 72867 | Depths:2 | Reached skill level 6 in Maces & Flails
 72876 | Depths:2 | Reached skill level 7 in Maces & Flails
 72887 | Depths:2 | Reduced skill Long Blades to level 15
 72897 | Depths:2 | Reached skill level 8 in Maces & Flails
 73115 | Depths:2 | Reached skill level 9 in Maces & Flails
 73126 | Depths:2 | Noticed Sojobo
 73143 | Depths:2 | Killed Sojobo
 73143 | Depths:2 | Reached skill level 10 in Maces & Flails
 73146 | Depths:2 | Reached skill level 11 in Maces & Flails
 73191 | Depths:2 | Noticed a greater mummy
 73208 | Depths:2 | Killed a greater mummy
 73208 | Depths:2 | Reached skill level 12 in Maces & Flails
 73222 | Depths:2 | Noticed a greater mummy
 73233 | Depths:2 | Killed a greater mummy
 73233 | Depths:2 | Reached skill level 13 in Maces & Flails
 73238 | Depths:2 | Noticed a greater mummy
 73253 | Depths:2 | Killed a greater mummy
 73782 | Depths:2 | Reached skill level 14 in Maces & Flails
 74508 | Zot:1    | Entered Level 1 of the Realm of Zot
 74586 | Zot:1    | Reached skill level 15 in Maces & Flails
 74639 | Zot:1    | Reduced skill Long Blades to level 10
 74639 | Zot:1    | Reached skill level 16 in Maces & Flails
 74881 | Zot:2    | Reached skill level 17 in Maces & Flails
 75323 | Zot:2    | Reached skill level 18 in Maces & Flails
 76347 | Zot:3    | Reached skill level 19 in Maces & Flails
 77174 | Zot:3    | Lost mutation: You are partially covered in rugged brown scales. (AC +1, +3% HP) [potion of mutation]
 77174 | Zot:3    | Lost mutation: You are surrounded by a mild repulsion field. (EV +2) [potion of mutation]
 77174 | Zot:3    | Lost mutation: Your spells are a little easier to cast, but a little less powerful. [potion of mutation]
 77174 | Zot:3    | Lost mutation: You are somewhat resistant to further mutation. [potion of mutation]
 77174 | Zot:3    | Gained mutation: You are partially covered in rugged brown scales. (AC +1, +3% HP) [potion of mutation]
 77174 | Zot:3    | Gained mutation: You are partially covered in large bone plates. (SH +4) [potion of mutation]
 77597 | Zot:4    | Reached skill level 20 in Maces & Flails
 78234 | Zot:4    | Reached skill level 21 in Maces & Flails
 78853 | Zot:4    | Noticed an orb of fire
 78854 | Zot:4    | Gained mutation: You are weak. (Str -2) [an orb of fire]
 78855 | Zot:4    | Gained mutation: You tend to lose your temper in combat. [an orb of fire]
 78866 | Zot:4    | Killed an orb of fire
 78967 | Zot:4    | Lost mutation: You are weak. (Str -2) [potion of mutation]
 78967 | Zot:4    | Lost mutation: You tend to lose your temper in combat. [potion of mutation]
 78967 | Zot:4    | Lost mutation: You are partially covered in rugged brown scales. (AC +1, +3% HP) [potion of mutation]
 78967 | Zot:4    | Gained mutation: Your body sometimes deteriorates upon taking damage. [potion of mutation]
 78967 | Zot:4    | Gained mutation: You are frail. (-10% HP) [potion of mutation]
 78967 | Zot:4    | Gained mutation: You have a pair of small antennae on your head. [potion of mutation]
 78967 | Zot:4    | Gained mutation: You passively map a small area around you. [potion of mutation]
 78968 | Zot:4    | Lost mutation: Your body sometimes deteriorates upon taking damage. [potion of mutation]
 78968 | Zot:4    | Lost mutation: You have a pair of small antennae on your head. [potion of mutation]
 78968 | Zot:4    | Lost mutation: You are frail. (-10% HP) [potion of mutation]
 78968 | Zot:4    | Gained mutation: You have a pair of small horns on your head. [potion of mutation]
 78968 | Zot:4    | Gained mutation: You have a pair of horns on your head. [potion of mutation]
 79060 | Zot:4    | Reached skill level 22 in Maces & Flails
 79595 | Zot:5    | Entered Level 5 of the Realm of Zot
 79660 | Zot:5    | Noticed an ancient lich
 79668 | Zot:5    | Killed an ancient lich
 79722 | Zot:5    | Noticed an ancient lich
 79732 | Zot:5    | Killed an ancient lich
 79782 | Zot:5    | Noticed an ancient lich
 79797 | Zot:5    | Killed an ancient lich
 79809 | Zot:5    | Noticed an ancient lich
 79818 | Zot:5    | Killed an ancient lich
 79913 | Zot:5    | Reached skill level 23 in Maces & Flails
 80016 | Zot:5    | Noticed an orb of fire
 80016 | Zot:5    | Gained mutation: Scrolls take you a little longer to read. [an orb of fire]
 80018 | Zot:5    | Gained mutation: Your body sometimes deteriorates upon taking damage. [an orb of fire]
 80026 | Zot:5    | Gained mutation: You occasionally shout uncontrollably at your foes. [an orb of fire]
 80029 | Zot:5    | Gained mutation: Your magical capacity is low. (-10% MP) [an orb of fire]
 80030 | Zot:5    | Gained mutation: Your spells are a little easier to cast, but a little less powerful. [an orb of fire]
 80033 | Zot:5    | Gained mutation: Your flesh is heat resistant. (rF+) [an orb of fire]
 80037 | Zot:5    | Gained mutation: You do not regenerate when monsters are visible. [an orb of fire]
 80038 | Zot:5    | Killed an orb of fire
 80079 | Zot:5    | Noticed an orb of fire
 80081 | Zot:5    | Noticed an orb of fire
 80090 | Zot:5    | Killed an orb of fire
 80097 | Zot:5    | Killed an orb of fire
 80103 | Zot:5    | Reached skill level 24 in Maces & Flails
 80232 | Zot:5    | Noticed an orb of fire
 80251 | Zot:5    | Gained mutation: You are dopey. (Int -2) [an orb of fire]
 80252 | Zot:5    | Killed an orb of fire
 80254 | Zot:5    | Lost mutation: You are dopey. (Int -2) [potion of mutation]
 80254 | Zot:5    | Lost mutation: Your spells are a little easier to cast, but a little less powerful. [potion of mutation]
 80254 | Zot:5    | Lost mutation: Scrolls take you a little longer to read. [potion of mutation]
 80254 | Zot:5    | Lost mutation: You have a pair of horns on your head. [potion of mutation]
 80254 | Zot:5    | Gained mutation: You are frail. (-10% HP) [potion of mutation]
 80254 | Zot:5    | Gained mutation: You are partially covered in molten scales. (AC +2) [potion of mutation]
 80255 | Zot:5    | Lost mutation: You are partially covered in large bone plates. (SH +4) [potion of mutation]
 80255 | Zot:5    | Lost mutation: You have a pair of small horns on your head. [potion of mutation]
 80255 | Zot:5    | Lost mutation: You are frail. (-10% HP) [potion of mutation]
 80255 | Zot:5    | Lost mutation: Your body sometimes deteriorates upon taking damage. [potion of mutation]
 80255 | Zot:5    | Lost mutation: Your magical capacity is low. (-10% MP) [potion of mutation]
 80255 | Zot:5    | Gained mutation: You are agile. (Dex +2) [potion of mutation]
 80255 | Zot:5    | Gained mutation: Your skin changes colour to match your surroundings (Stealth+). [potion of mutation]
 80256 | Zot:5    | Lost mutation: You occasionally shout uncontrollably at your foes. [potion of mutation]
 80256 | Zot:5    | Lost mutation: You are agile. (Dex +2) [potion of mutation]
 80256 | Zot:5    | Lost mutation: You do not regenerate when monsters are visible. [potion of mutation]
 80256 | Zot:5    | Lost mutation: Your flesh is heat resistant. (rF+) [potion of mutation]
 80256 | Zot:5    | Lost mutation: You are partially covered in molten scales. (AC +2) [potion of mutation]
 80256 | Zot:5    | Gained mutation: You are weak. (Str -2) [potion of mutation]
 80256 | Zot:5    | Lost mutation: You are weak. (Str -2) [potion of mutation]
 80256 | Zot:5    | Gained mutation: You are robust. (+10% HP) [potion of mutation]
 80256 | Zot:5    | Gained mutation: You are partially covered in molten scales. (AC +2) [potion of mutation]
 80580 | Zot:5    | Reached skill level 25 in Maces & Flails
 80604 | Zot:5    | HP: 7/211 [deathcap/drain life[a curse toe] (5)]
 80608 | Zot:5    | Killed from afar by a deathcap

Skill      XL: |  1  2  3  4  5  6  7  8  9 10 11 12 13 14 15 16 17 18 19 20 21 22 23 24 25 26 27 |
---------------+----------------------------------------------------------------------------------+-----
Long Blades    | 4 5 6 7 8 9 10 11 12 16 6 |  6.2
Fighting       | 3 4 5 7 10 12 13 15 16 18 19 22 24 | 24.4
Armour         | 2 4 7 9 11 12 14 16 17 20 | 20.7
Dodging        | 5 6 9 12 13 15 16 17 20 21 | 21.1
Evocations     | 2 10 13 | 13.3
Conjurations   | 5 11 9 15 18 | 18.9
Air Magic      | 5 11 9 14 17 18 | 18.1
Bows           | 9 14 10 7 3 |  3.8
Short Blades   | 12 10 7 |  7.0
Unarmed Combat | 11 14 7 4 0 |  0.0
Hexes          | 1 |  1.0
Spellcasting   | 6 8 13 19 | 19.0
Summonings     | 7 |  7.9
Fire Magic     | 6 |  6.0
Necromancy     | 6 8 |  8.8
Maces & Flails | 25 | 25.0
Throwing       | |  2.0

Action                   |  1- 3 |  4- 6 |  7- 9 | 10-12 | 13-15 | 16-18 | 19-21 | 22-24 | 25-27 || total
-------------------------+-------+-------+-------+-------+-------+-------+-------+-------+-------++-------
Melee: Long sword        |    86 |    55 |       |       |       |       |       |       |       ||   141
       Kick              |    24 |    46 |   122 |   161 |   274 |   569 |   683 |   853 |  1769 ||  4501
       Peck              |    22 |    27 |    90 |    81 |   182 |   348 |   455 |   532 |  1226 ||  2963
       Quarterstaff      |       |    96 |   374 |       |       |       |       |       |       ||   470
       Great sword       |       |       |     6 |   387 |   637 |  1160 |  1179 |  1285 |  2124 ||  6778
       Unarmed           |       |       |       |       |       |    14 |       |       |       ||    14
       Great mace        |       |       |       |       |       |       |       |       |   884 ||   884
       Headbutt          |       |       |       |       |       |       |       |       |    69 ||    69
Throw: Throwing net      |       |       |       |     2 |       |       |       |       |       ||     2
 Cast: Lightning Bolt    |       |       |       |       |       |       |       |       |     9 ||     9
       Conjure Ball Ligh |       |       |       |       |       |       |       |       |    24 ||    24
       Regeneration      |       |       |       |       |       |       |       |       |    83 ||    83
       Orb of Destructio |       |       |       |       |       |       |       |       |    31 ||    31
       Silence           |       |       |       |       |       |       |       |       |    19 ||    19
       Freezing Cloud    |       |       |       |       |       |       |       |       |     8 ||     8
       Cigotuvi's Embrac |       |       |       |       |       |       |       |       |     6 ||     6
Invok: Curse Item        |       |     2 |     1 |       |     2 |     2 |       |     2 |     8 ||    17
       Transfer Knowledg |       |       |       |       |       |     2 |     1 |     4 |     7 ||    14
 Abil: Fly               |       |       |       |       |       |     1 |       |       |       ||     1
Evoke: Wand              |       |       |       |    29 |    11 |    26 |    48 |    29 |     7 ||   150
       Fan of gales      |       |       |       |       |     1 |       |     2 |     1 |     3 ||     7
       Lamp of fire      |       |       |       |       |       |       |     3 |     2 |     3 ||     8
       Box of beasts     |       |       |       |       |       |       |     1 |     1 |     2 ||     4
       Sack of spiders   |       |       |       |       |       |       |     1 |     2 |     7 ||    10
       Phantom mirror    |       |       |       |       |       |       |       |     2 |       ||     2
       Phial of floods   |       |       |       |       |       |       |       |       |     4 ||     4
  Use: Scroll            |     3 |     6 |    13 |    11 |     7 |    22 |    15 |    16 |    34 ||   127
       Potion            |     2 |     8 |       |     7 |     4 |     7 |    17 |    11 |    38 ||    94
 Stab: Sleeping          |     1 |     2 |       |       |       |       |       |       |       ||     3
       Distracted        |     1 |       |       |       |       |     1 |       |       |       ||     2
       Invisible         |       |       |       |       |       |       |     1 |       |       ||     1
  Eat: Chunk             |     3 |     6 |     8 |    11 |    23 |    28 |    25 |    38 |   107 ||   249
       Meat ration       |       |     1 |     1 |     1 |       |     3 |     1 |     1 |     1 ||     9
       Royal jelly       |       |       |     1 |     1 |     1 |       |     2 |     3 |     1 ||     9
       Bread ration      |       |       |     1 |       |       |       |       |       |       ||     1
       Fruit             |       |       |     1 |       |       |       |       |       |       ||     1
Armor: Leather armour    |    12 |    29 |    59 |       |       |       |       |       |       ||   100
       Scale mail        |       |    40 |       |       |       |       |       |       |       ||    40
       Skin              |       |     3 |       |    32 |       |     2 |       |       |       ||    37
       Ring mail         |       |       |   140 |    95 |    68 |       |       |       |       ||   303
       Plate armour      |       |       |       |       |   138 |   213 |       |       |   640 ||   991
       Acid dragon scale |       |       |       |       |       |     1 |       |       |       ||     1
       Crystal plate arm |       |       |       |       |       |   475 |   449 |   453 |   163 ||  1540
Dodge: Dodged            |    60 |    81 |   357 |   324 |   601 |  1474 |   976 |  1433 |  3473 ||  8779
Block: Other             |       |       |       |       |       |       |       |       |    55 ||    55
       Rpst.: Long sword |    20 |     9 |       |       |       |       |       |       |       ||    29
       Great sword       |       |       |     4 |    85 |   170 |   252 |   207 |   272 |   495 ||  1485
